 Dungeon Crawl Stone Soup version 0.19-a0-47-g1fa3c7d (webtiles) character file.

22802 Eucla the Impaler (level 13, -7/113 HPs)
             Began as a Formicid Gladiator on May 5, 2016.
             Was a High Priest of Okawaru.
             Mangled by a 14-headed hydra (10 damage)
             ... on level 3 of the Lair of Beasts.
             The game lasted 00:35:51 (13730 turns).

Eucla the Impaler (Formicid Gladiator)             Turns: 13730, Time: 00:35:53

Health: -7/113     AC: 28    Str: 20    XL:     13   Next: 30%
Magic:  11/11      EV:  7    Int:  9    God:    Okawaru [*****.]
Gold:   1218       SH:  4    Dex: 14    Spells: 0 memorised, 12 levels left

rFire  . . .     SeeInvis +     F - +0 glaive
rCold  . . .     Gourm    .     D - +0 plate armour
rNeg   . . .     Faith    .     (no shield)
rPois  .         Spirit   .     (helmet unavailable)
rElec  .         Dismiss  .     e - +0 cloak
rCorr  .         Reflect  +     (no gloves)
SustAt .         Harm     .     q - +1 pair of boots
MR     +....                    m - +2 amulet of reflection
Stlth  ..........               w - +4 ring of protection
                                X - ring of teleportation (curse)

@: somewhat resistant to hostile enchantments, extremely unstealthy
A: permanent stasis, dig shafts and tunnels, four strong arms, antennae 3, claws
1, large bone plates 1, rough black scales 1, blurry vision 1, deterioration 1,
low mp 1, robust 1
a: Dig, Shaft Self, Heroism, Finesse, Renounce Religion


You were on level 3 of the Lair of Beasts.
You worshipped Okawaru.
Okawaru was extremely pleased with you.
You were not hungry.

You visited 3 branches of the dungeon, and saw 13 of its levels.
You also visited: Volcano.

You collected 1218 gold pieces.

Inventory:

Hand Weapons
 i - a +0 blowgun
 F - a +0 glaive (weapon)
 V - the +11 scimitar "Femum" {venom, MP+9 Dex+3, unknown}
   (Okawaru gifted it to you on level 3 of the Lair of Beasts)

   It poisons the flesh of those it strikes.
   It affects your dexterity (+3).
   It affects your magic capacity (+9).
Missiles
 c - 3 throwing nets (quivered)
 g - 2 tomahawks of returning
 k - 10 poisoned needles
 y - 16 needles of confusion
 S - 8 needles of sleeping
Armour
 e - a +0 cloak (worn)
 q - a +1 pair of boots (worn)
 D - a +0 plate armour (worn)
Jewellery
 b - an uncursed amulet of the gourmand {unknown}
 m - a +2 amulet of reflection (around neck)
 p - an uncursed ring of magical power
 w - a +4 ring of protection (right claw)
 X - a cursed ring of teleportation (left claw)
Wands
 r - a wand of heal wounds (3/9)
 x - a wand of paralysis (13/24)
 G - a wand of flame (35/48)
 M - a wand of polymorph (11/24)
 O - a wand of enslavement (18/24)
 T - a wand of confusion (26/48)
 U - a wand of digging (13/24)
Scrolls
 n - a scroll of amnesia
 o - 3 scrolls of enchant armour
 C - a scroll of remove curse
 K - a scroll of recharging
 L - a scroll of identify
 W - 2 scrolls of fear
Potions
 f - a potion of curing
 h - a potion of invisibility
 j - 2 potions of magic
 t - 2 potions of flight
 u - 2 potions of resistance
 v - 2 potions of haste
 A - 3 potions of heal wounds
 B - 3 potions of cancellation
 E - a potion of degeneration
 J - a potion of cure mutation
 Q - a potion of might
Books
 z - a book of Envenomations

   Spells                             Type                      Level
   a - Spider Form                    Transmutation/Poison         3
   b - Olgreb's Toxic Radiance        Poison                       4
   c - Alistair's Intoxication        Transmutation/Poison         5
   d - Poisonous Cloud                Conjuration/Poison/Air       6
 H - a book of the Sky

   Spells                             Type                      Level
   a - Summon Lightning Spire         Summoning/Air                4
   b - Airstrike                      Air                          4
   c - Silence                        Hexes/Air                    5
   d - Deflect Missiles               Charms/Air                   6
   e - Conjure Ball Lightning         Conjuration/Air              6
   f - Tornado                        Air                          9
 N - a book of Spatial Translocations

   Spells                             Type                      Level
   a - Apportation                    Translocation                1
   b - Blink                          Translocation                2
   c - Shroud of Golubria             Charms/Translocation         2
   d - Portal Projectile              Translocation                3
   e - Teleport Other                 Translocation                3
   f - Passage of Golubria            Translocation                4
 R - a book of the Dragon

   Spells                             Type                      Level
   a - Flame Tongue                   Conjuration/Fire             1
   b - Cause Fear                     Hexes                        4
   c - Bolt of Fire                   Conjuration/Fire             6
   d - Dragon Form                    Transmutation                7
   e - Dragon's Call                  Summoning                    9
Miscellaneous
 P - a legendary deck of defence
Comestibles
 a - 2 beef jerkies
 d - 12 bread rations
 l - 4 royal jellies
 s - 6 meat rations
 Y - 4 fruits


   Skills:
 - Level 10.0 Fighting
 * Level 16.7 Polearms
 - Level 2.0 Throwing
 + Level 9.4 Armour
 - Level 2.6 Dodging


You had 12 spell levels left.
You didn't know any spells.

Dungeon Overview and Level Annotations

Branches:
Dungeon (9/15)             Temple (1/1) D:7            Lair (3/8) D:9
 Shoals (0/4) Lair:3          Orc (0/2) D:9
  Snake: Lair:3-6    Spider: Lair:3-6

Altars:
Ashenzari
Cheibriados
Dithmenos
Elyvilon
Fedhas
Gozag
Kikubaaqudgha
Makhleb
Nemelex Xobeh
Okawaru
Pakellas
Qazlal
Ru
Sif Muna
Trog
Vehumet
Xom
Yredelemnul
Zin
The Shining One


Innate Abilities, Weirdness & Mutations

You are under a permanent stasis effect.
You can dig through walls and to a lower floor.
Your four strong arms can wield two-handed weapons with a shield.
You have a pair of large antennae on your head (SInv).
You have sharp fingernails.
You are partially covered in large bone plates (AC +2, SH +2).
You are partially covered in rough black scales (AC +4, Dex -1).
Scrolls take you a little longer to read.
Your body sometimes deteriorates upon taking damage.
Your magical capacity is low (-10% MP).
You are robust (+10% HP).


Message History

The 14-headed hydra bites you.
* * * LOW HITPOINT WARNING * * *
The 14-headed hydra bites you but does no damage. x2
The 14-headed hydra barely misses you. The 14-headed hydra bites you.
* * * LOW HITPOINT WARNING * * *
The 14-headed hydra bites you but does no damage. x2
The 14-headed hydra bites you!
* * * LOW HITPOINT WARNING * * *
Unknown command.
Unknown command.
Unknown command.
Read which item? (? for menu, Esc to quit)
Really read with blurry vision while enemies are nearby?
You begin reading the scroll.
You continue reading the scroll.
The 14-headed hydra bites you but does no damage. x5
The 14-headed hydra bites you.
* * * LOW HITPOINT WARNING * * *
The 14-headed hydra bites you but does no damage. x2
The 14-headed hydra barely misses you. The 14-headed hydra bites you!
You die...

........## ##........#
.#....#.# #........#
###..†.## ## ##.......##
####.P####
#.######........##
#..##..###...#.........#.#
##....##...#....#......###
#....P.)....#.#.#.....#
###
#......#.....#####.#.##
##.# ##.#.#####@..# #####
...#######.#.##.D.##
#..#.##..†.#.###.##
#...#.....#..##..#
###..#...###..##..#
#...##...#.....#.##
.#..##.###.#...#.#
##..##.#....##.#.#
P....#...#...#...###


You could see a 14-headed hydra.

Vanquished Creatures
  Gastronok (Lair:3)
  Urug (Lair:3)
  2 sphinx skeletons (Volcano)
  2 black mambas
  8 spiny frogs
  5 komodo dragons
  A guardian mummy (Volcano)
  2 trolls (D:9)
  A minotaur skeleton (Volcano)
  2 flying skulls (Volcano)
  A wyvern (D:9)
  A vampire (Volcano)
  4 basilisks
  11 yaks (Lair:2)
  A hungry ghost (D:5)
  A hill giant skeleton (Volcano)
  2 steam dragons
  Grum (D:8)
  8 hippogriffs
  A soldier ant (D:8)
  A merfolk skeleton (Volcano)
  4 porcupines
  8 water moccasins
  11 orc warriors
  A black bear (D:8)
  9 ice beasts
  4 sky beasts
  3 phantoms
  A wasp (D:8)
  4 centaurs
  3 ogres
  8 wolves
  A manticore skeleton (Volcano)
  6 crocodiles
  A big kobold (D:7)
  12 giant frogs
  4 scorpions
  5 killer bees (D:8)
  An oklob sapling (D:7)
  A troll skeleton (Volcano)
  A spriggan skeleton (Volcano)
  4 wights (D:6)
  2 electric eels
  3 howler monkeys
  A centaur zombie (D:5)
  7 crimson imps
  2 jellies (D:9)
  A giant frog zombie (D:7)
  7 hounds
  A giant frog skeleton (D:7)
  7 orc priests
  3 centaur skeletons (Volcano)
  Crazy Yiuf (D:4)
  A two-headed ogre skeleton (Volcano)
  Jessica (D:3)
  Ijyb (D:3)
  Natasha (thrice) (D:3)
  23 iguanas
  16 orc wizards
  7 worker ants
  Terence (D:3)
  A hound zombie (D:6)
  A hound skeleton (D:9)
  4 mummies (Volcano)
  9 adders
  8 gnolls
  10 river rats (Lair:3)
  2 shadow imps
  An ooze (D:4)
  An adder zombie (D:7)
  4 adder skeletons
  5 giant geckos
  47 orcs
  7 giant cockroaches
  6 goblins
  6 hobgoblins
  17 jackals
  3 quokkas
  8 bats
  2 giant gecko skeletons
  8 giant newts
  A jackal zombie (D:6)
  11 kobolds
  A quokka zombie (D:7)
  6 rats
  A spectral orc (D:6)
  A plant (D:7)
408 creatures vanquished.

Vanquished Creatures (others)
  A centaur (D:7)
  A shadow imp (D:7)
  A fungus (Lair:2)
  2 plants (Lair:3)
5 creatures vanquished.

Grand Total: 413 creatures vanquished

Notes
Turn   | Place    | Note
--------------------------------------------------------------
     0 | D:1      | Eucla the Formicid Gladiator began the quest for the Orb.
     0 | D:1      | Reached XP level 1. HP: 16/16 MP: 1/1
   122 | D:1      | Reached XP level 2. HP: 23/23 MP: 2/2
   334 | D:1      | Reached XP level 3. HP: 18/28 MP: 3/3
   638 | D:2      | Reached skill level 4 in Polearms
   737 | D:2      | Reached XP level 4. HP: 32/35 MP: 4/4
  1116 | D:2      | Found an ancient bone altar of Kikubaaqudgha.
  1124 | D:2      | Found a shimmering altar of Xom.
  1319 | D:3      | Noticed Ijyb
  1335 | D:3      | Killed Ijyb
  1340 | D:3      | Found a sacrificial altar of Ru.
  1537 | D:3      | Noticed Natasha
  1542 | D:3      | Killed Natasha
  1542 | D:3      | Reached XP level 5. HP: 14/41 MP: 5/5
  1708 | D:3      | Noticed Natasha
  1712 | D:3      | Killed Natasha
  1712 | D:3      | Reached skill level 5 in Polearms
  1944 | D:3      | Noticed Natasha
  1958 | D:3      | Killed Natasha
  1977 | D:3      | Noticed Terence
  1991 | D:3      | Killed Terence
  1991 | D:3      | Reached XP level 6. HP: 44/48 MP: 6/6
  2335 | D:3      | Noticed Jessica
  2343 | D:3      | Killed Jessica
  2532 | D:4      | Noticed a phantom
  2557 | D:4      | Killed a phantom
  2557 | D:4      | Reached skill level 6 in Polearms
  2574 | D:4      | Reached XP level 7. HP: 46/55 MP: 7/7
  2673 | D:4      | Reached skill level 5 in Fighting
  2901 | D:4      | Reached skill level 7 in Polearms
  3077 | D:4      | Noticed Crazy Yiuf
  3101 | D:4      | Killed Crazy Yiuf
  3102 | D:4      | Reached XP level 8. HP: 63/63 MP: 8/8
  3387 | D:5      | Entered Level 5 of the Dungeon
  3438 | D:5      | Gained mutation: Your body sometimes deteriorates upon taking damage. [mutagenic meat]
  3439 | D:5      | Gained mutation: Scrolls take you a little longer to read. [mutagenic meat]
  3440 | D:5      | Gained mutation: Your magical capacity is low (-10% MP). [mutagenic meat]
  3441 | D:5      | Gained mutation: You have sharp fingernails. [mutagenic meat]
  3445 | D:5      | Gained mutation: You are partially covered in rough black scales (AC +4, Dex -1). [potion of mutation]
  3445 | D:5      | Gained mutation: You are partially covered in large bone plates (AC +2, SH +2). [potion of mutation]
  3466 | D:5      | Reached skill level 8 in Polearms
  3804 | D:5      | Reached skill level 9 in Polearms
  3804 | D:5      | Reached XP level 9. HP: 56/71 MP: 8/8
  4007 | D:5      | Found a deep blue altar of Sif Muna.
  4307 | D:6      | Found a white marble altar of Elyvilon.
  4559 | D:6      | Reached skill level 10 in Polearms
  5097 | D:6      | Found a basalt altar of Yredelemnul.
  5307 | D:6      | Got a fine robe
  5318 | D:6      | Identified the cursed +1 robe of Kikubaaqudgha's Wrath {rPois Str+4 Stlth+} (You found it on level 6 of the Dungeon)
  5589 | D:7      | Found a staircase to the Ecumenical Temple.
  5749 | D:7      | Found a bloodstained altar of Trog.
  5895 | D:7      | Reached skill level 11 in Polearms
  5915 | D:7      | Reached XP level 10. HP: 72/81 MP: 9/9
  6102 | D:7      | Found a sparkling altar of Nemelex Xobeh.
  6213 | D:7      | Found a radiant altar of Vehumet.
  6452 | Temple   | Entered the Ecumenical Temple
  6490 | Temple   | Became a worshipper of Warmaster Okawaru
  6669 | D:8      | Noticed Grum
  6698 | D:8      | Killed Grum
  7009 | D:8      | Reached * piety under Okawaru
  7067 | D:8      | Reached skill level 12 in Polearms
  7203 | D:8      | Found an opulent altar of Gozag.
  7648 | D:8      | Reached ** piety under Okawaru
  8306 | D:9      | Found a stormy altar of Qazlal.
  8339 | D:9      | Reached skill level 10 in Fighting
  8360 | D:9      | Reached XP level 11. HP: 60/90 MP: 9/9
  8382 | D:9      | Reached skill level 1 in Armour
  8405 | D:9      | Reached skill level 13 in Polearms
  9003 | D:9      | Found an oddly glowing altar of Pakellas.
  9049 | D:9      | Found a staircase to the Lair.
  9091 | D:9      | Reached *** piety under Okawaru
  9552 | D:9      | Found a staircase to the Orcish Mines.
  9632 | Lair:1   | Entered Level 1 of the Lair of Beasts
  9997 | Lair:1   | Reached skill level 14 in Polearms
 10058 | Lair:1   | Reached **** piety under Okawaru
 10058 | Lair:1   | Reached skill level 5 in Armour
 11012 | Lair:2   | Received a gift from Okawaru
 11016 | Lair:2   | Reached ***** piety under Okawaru
 11016 | Lair:2   | Reached XP level 12. HP: 57/97 MP: 8/10
 11129 | Lair:2   | Found a dark tunnel.
 11172 | Volcano  | Entered a volcano
 11374 | Volcano  | Reached skill level 15 in Polearms
 11515 | Volcano  | Received a gift from Okawaru
 12181 | Lair:2   | Received a gift from Okawaru
 12606 | Lair:2   | Gained mutation: You are robust (+10% HP). [potion of beneficial mutation]
 12644 | Lair:3   | Found a staircase to the Shoals.
 13206 | Lair:3   | Reached skill level 16 in Polearms
 13210 | Lair:3   | Received a gift from Okawaru
 13234 | Lair:3   | Got a polished scimitar {god gift}
 13247 | Lair:3   | Reached XP level 13. HP: 82/113 MP: 11/11
 13328 | Lair:3   | Noticed Urug
 13342 | Lair:3   | Killed Urug
 13479 | Lair:3   | Noticed Gastronok
 13497 | Lair:3   | Killed Gastronok
 13497 | Lair:3   | Reached ****** piety under Okawaru
 13666 | Lair:3   | Noticed a five-headed hydra
 13727 | Lair:3   | HP: 4/113 [14-headed hydra (6)]
 13730 | Lair:3   | Mangled by a 14-headed hydra

Vault maps used:
D:1:      matt_arrival_grand_opening
D:2:      amethyst_overflow_temple_binary, first_bread
D:3:      marbit_many_paths, uniq_natasha, uniq_jessica, uniq_terence, uniq_iyjb
D:4:      uniq_crazy_yiuf_cottage
D:5:      kennysheep_big_flooded_room, old_standard_altar
D:6:      yredelemnul_forgotten_temple_becter, elyvilon_altar_5
D:7:      statuecave_lemuel, nemelex_altar_shiori, kennysheep_little_box,
          kennysheep_mini_moat, minmay_temple_entry_oklob
D:8:      old_standard_altar, hangedman_pestilent_swarm, uniq_grum
D:9:      grunt_pakellas_mercury, lemuel_round_altar, lair_0_dummy, david_orc_4,
          corexii_corridor_pit
Temple:   minmay_temple_bridge_c_8
Lair:1:   minivault_23, serial_bayou_shore_a, grunt_megastairs_2,
          infiniplex_staircase_pool
Lair:2:   enter_volcano_1, portal_ice_cave_entry_ice_beasts, st_stairs_9,
          beast_lair_carwin_7
Lair:3:   beast_lair_carwin_large_3, elwin_shoals_entry_rocks, uniq_urug,
          uniq_gastronok
Volcano:  volcano_tomb

Skill      XL: |  1  2  3  4  5  6  7  8  9 10 11 12 13 |
---------------+----------------------------------------+-----
Fighting       | 3 4 5 6 8 10 | 10.0
Polearms       | 4 5 6 7 9 11 12 14 16 | 16.7
Armour         | 6 8 9 |  9.4
Throwing       | |  2.0
Dodging        | |  2.6

Action                   |  1- 3 |  4- 6 |  7- 9 | 10-12 | 13-15 || total
-------------------------+-------+-------+-------+-------+-------++-------
Melee: Trident           |   109 |   199 |   538 |   238 |       ||  1084
       Glaive            |       |       |       |   902 |   108 ||  1010
       Punch             |       |       |       |     2 |     1 ||     3
Invok: Heroism           |       |       |       |    10 |     2 ||    12
 Abil: Dig               |       |       |     5 |    13 |       ||    18
Evoke: Wand              |       |       |       |     7 |       ||     7
  Use: Potion            |       |     2 |     7 |     4 |     2 ||    15
       Scroll            |       |     3 |     6 |    13 |     1 ||    23
  Eat: Chunk             |       |     5 |    19 |     4 |       ||    28
       Fruit             |       |       |     2 |     3 |       ||     5
       Royal jelly       |       |       |     2 |     7 |       ||     9
       Beef jerky        |       |       |     1 |     3 |       ||     4
       Pizza             |       |       |     1 |     4 |       ||     5
Armor: Ring mail         |    32 |    27 |       |       |       ||    59
       Leather armour    |     4 |       |       |       |       ||     4
       Skin              |       |    10 |     7 |       |       ||    17
       Scale mail        |       |    28 |    25 |       |       ||    53
       Chain mail        |       |       |   115 |       |       ||   115
       Plate armour      |       |       |   110 |   737 |   121 ||   968
Dodge: Dodged            |    53 |    69 |   151 |   205 |    70 ||   548
Block: Other             |       |     9 |    60 |   144 |    19 ||   232
       Reflection        |       |       |     3 |     2 |       ||     5
